 Dungeon Crawl Stone Soup version 0.30-a0-6-g7c9e10e132 (webtiles) character file.

Game seed: 933612020077472382

594 greenreed the Shield-Bearer (level 7, -6/60 HPs)
             Began as a Gnoll Fighter on Aug 22, 2022.
             Was an Initiate of Okawaru.
             Mangled by a troll (9 damage)
             ... on level 5 of the Dungeon.
             The game lasted 00:07:47 (4767 turns).

greenreed the Shield-Bearer (Gnoll Fighter)         Turns: 4767, Time: 00:07:47

Health: -6/60      AC:  9    Str: 17    XL:     7   Next: 39%
Magic:  10/10      EV:  9    Int: 15    God:    Okawaru [......]
Gold:   108        SH:  5    Dex:  9    Spells: 11/11 levels left

rFire   . . .      SeeInvis +    r - +1 hand axe (vamp)
rCold   . . .      Faith    .    c - +0 buckler
rNeg    . . .      Spirit   .    b - +0 scale mail
rPois   .          Reflect  .    y - -1 helmet "Urghonn" {rCorr Int+7 Dex-2 SInv}
rElec   .          Harm     .    (no cloak)
rCorr   +          Rampage  .    (no gloves)
Will    .....                    m - +0 pair of boots
Stlth   ..........               (no amulet)
HPRegen 0.20/turn                (no ring)
MPRegen 0.12/turn                (no ring)

@: no status effects
A: fangs 1, strong nose, distributed training
a: Renounce Religion


You were on level 5 of the Dungeon.
You worshipped Okawaru.
Okawaru was noncommittal.
You visited 1 branch of the dungeon, and saw 5 of its levels.

You collected 199 gold pieces.
You spent 91 gold pieces at shops.

Inventory:

Hand Weapons
 a - a +0 war axe
 r - a +1 vampiric hand axe (weapon)
Missiles
 s - 9 poisoned darts (quivered)
Armour
 b - a +0 scale mail (worn)
 c - a +0 buckler (worn)
 m - a +0 pair of boots (worn)
 o - a +0 helmet
 y - the -1 helmet "Urghonn" (worn) {rCorr Int+7 Dex-2 SInv}
   (You found it on level 5 of the Dungeon)

   Int:       It affects your intelligence (+7).
   Dex:       It affects your dexterity (-2).
   SInv:      It lets you see invisible.
   rCorr:     It protects you from acid and corrosion.
Jewellery
 l - a ring of willpower
Wands
 n - a wand of polymorph (6)
 w - a wand of acid (8)
Scrolls
 d - 2 scrolls of fog
 e - a scroll of fear {unknown}
 f - 2 scrolls of vulnerability
 h - 2 scrolls of enchant weapon
 i - a scroll of torment {unknown}
 k - 2 scrolls of magic mapping
 p - a scroll of amnesia {unknown}
Potions
 g - 3 potions of magic {unknown}
 q - 2 potions of invisibility {unknown}
 t - a potion of haste {unknown}
 u - 2 potions of attraction {unknown}
 v - a potion of degeneration {unknown}
 x - a potion of brilliance {unknown}
 z - a potion of heal wounds


   Skills:
 + Level 7.1 Fighting
 + Level 2.5 Short Blades
 + Level 2.5 Long Blades
 + Level 5.3 Axes
 + Level 2.5 Maces & Flails
 + Level 2.5 Polearms
 + Level 2.5 Staves
 + Level 2.5 Ranged Weapons
 + Level 2.5 Throwing
 + Level 7.1 Armour
 + Level 2.5 Dodging
 + Level 2.5 Stealth
 + Level 7.1 Shields
 + Level 2.5 Unarmed Combat
 + Level 2.5 Spellcasting
 + Level 2.1 Conjurations
 + Level 2.1 Hexes
 + Level 2.1 Summonings
 + Level 2.1 Necromancy
 + Level 2.1 Translocations
 + Level 2.1 Transmutations
 + Level 2.1 Fire Magic
 + Level 2.1 Ice Magic
 + Level 2.1 Air Magic
 + Level 2.1 Earth Magic
 + Level 2.1 Poison Magic
 + Level 2.8 Invocations
 + Level 2.5 Evocations


You had 11 spell levels left.
You didn't know any spells.
Your spell library contained the following spells:

 Spells                   Type           Power      Damage    Failure   Level
 Inner Flame              Hex/Fire       8%         N/A       67%         3
 Cause Fear               Hex            4%         N/A       97%         4
 Discord                  Hex            4%         N/A       100%        8


Dungeon Overview and Level Annotations

Branches:
Dungeon (5/15)
 Temple: D:4-7

Altars:
Ashenzari
Okawaru

Shops:
D:4 :   D:5 *

Annotations:
D:2 1 runed translucent door, Crazy Yiuf


Innate Abilities, Weirdness & Mutations

You have very sharp teeth.
Your uncanny sense of smell can sniff out nearby items.
Your experience applies equally to all skills.


Message History

You hit the troll but do no damage. The troll bites you.
You block the troll's attack. The troll closely misses you.
You catch the helpless troll completely off-guard!
You slash the troll! Your bite misses the troll.
The troll is moderately wounded.
The troll is no longer blind.
The troll closely misses you. The troll claws you!
The troll closely misses you. The troll bites you. The troll claws you.
The troll closely misses you.
You closely miss the troll.
The troll is moderately wounded.
The troll bites you! The troll barely misses you. The troll closely misses you.
Throw: dart (atropa)
Press: ? - help, Q - select action, (/) - cycle Shift-Dir - straight line, f/p - troll
Aim: a troll (moderately wounded, 59% to hit, chance to blind on hit: 39%)
You throw an atropa-tipped dart.
The atropa-tipped dart closely misses the troll.
The troll bites you! The troll barely misses you. The troll closely misses you.
You feel a sense of dread.
r - a +1 vampiric hand axe (weapon)
You barely miss the troll. Your bite misses the troll.
The troll is moderately wounded.
The troll bites you!
* * * LOW HITPOINT WARNING * * *
The troll barely misses you. The troll claws you but does no damage.
You are too injured to fight recklessly!
You barely miss the troll.
The troll is lightly wounded.
The troll misses you. The troll claws you but does no damage.
The troll claws you.
* * * LOW HITPOINT WARNING * * *
You slash the troll!
The troll is moderately wounded.
You block the troll's attack. The troll claws you!
* * * LOW HITPOINT WARNING * * *
The troll claws you.
* * * LOW HITPOINT WARNING * * *
You slash the troll!
You feel better.
The troll is heavily wounded.
You block the troll's attack. The troll claws you!
You die...

######.#
#.#########
#.#
#..........
#.#
#.#########
#.#####.#
#.......#
#####.### ###
#.#
.....#######.#
#..T@.....#
###########


You could see a troll.

Vanquished Creatures
  A sky beast (D:4)
  A phantom (D:5)
  A necrophage (D:5)
  A scorpion (D:3)
  Jessica (D:3)
  2 iguanas
  Natasha (D:3)
  Robin (D:3)
  7 adders
  A worm (D:2)
  3 dart slugs
  13 orcs
  7 ball pythons
  6 endoplasms
  2 giant cockroaches
  11 goblins
  10 hobgoblins
  4 jackals (D:2)
  6 quokkas
  7 bats
  4 frilled lizards
  11 kobolds
  4 rats
105 creatures vanquished.

Notes
Turn   | Place    | Note
-------+----------+-------------------------------------------
     0 | D:1      | greenreed the Gnoll Fighter began the quest for the Orb.
     0 | D:1      | Reached XP level 1. HP: 23/23 MP: 1/1
   227 | D:1      | Reached XP level 2. HP: 29/29 MP: 2/2
   340 | D:1      | Found a faded altar of an unknown god.
   519 | D:1      | Reached XP level 3. HP: 32/35 MP: 3/3
   913 | D:2      | Reached skill level 1 in Invocations
   983 | D:2      | Reached skill level 1 in Short Blades
   983 | D:2      | Reached skill level 1 in Long Blades
   983 | D:2      | Reached skill level 1 in Maces & Flails
   983 | D:2      | Reached skill level 1 in Polearms
   983 | D:2      | Reached skill level 1 in Staves
   983 | D:2      | Reached skill level 1 in Ranged Weapons
   983 | D:2      | Reached skill level 1 in Throwing
   983 | D:2      | Reached skill level 1 in Dodging
   983 | D:2      | Reached skill level 1 in Stealth
   983 | D:2      | Reached skill level 1 in Unarmed Combat
   983 | D:2      | Reached skill level 1 in Spellcasting
   983 | D:2      | Reached skill level 1 in Evocations
  1170 | D:2      | Reached XP level 4. HP: 38/41 MP: 5/5
  1413 | D:2      | Found a runed translucent door.
  1414 | D:2      | Noticed Crazy Yiuf
  1564 | D:2      | Reached skill level 1 in Conjurations
  1564 | D:2      | Reached skill level 1 in Hexes
  1564 | D:2      | Reached skill level 1 in Summonings
  1564 | D:2      | Reached skill level 1 in Necromancy
  1564 | D:2      | Reached skill level 1 in Translocations
  1564 | D:2      | Reached skill level 1 in Transmutations
  1564 | D:2      | Reached skill level 1 in Fire Magic
  1564 | D:2      | Reached skill level 1 in Ice Magic
  1564 | D:2      | Reached skill level 1 in Air Magic
  1564 | D:2      | Reached skill level 1 in Earth Magic
  1564 | D:2      | Reached skill level 1 in Poison Magic
  2202 | D:3      | Noticed Robin
  2380 | D:3      | Killed Robin
  2666 | D:3      | Reached XP level 5. HP: 47/47 MP: 7/7
  2974 | D:3      | Noticed Jessica
  2980 | D:3      | Killed Jessica
  2998 | D:3      | Noticed Natasha
  3003 | D:3      | Killed Natasha
  3004 | D:3      | Reached XP level 6. HP: 46/53 MP: 8/8
  3439 | D:4      | Reached skill level 5 in Axes
  3562 | D:4      | Found a broken altar of Ashenzari.
  3601 | D:4      | Noticed a sky beast
  3621 | D:4      | HP: 1/53 [something (5)]
  3651 | D:4      | Killed a sky beast
  3906 | D:4      | Found Jemnifer's Book Shop.
  4190 | D:5      | Entered Level 5 of the Dungeon
  4304 | D:5      | Reached XP level 7. HP: 50/60 MP: 10/10
  4447 | D:5      | Identified the -1 helmet "Urghonn" {rCorr Int+7 Dex-2 SInv}
  4504 | D:5      | Found an iron altar of Okawaru.
  4522 | D:5      | Became a worshipper of Warmaster Okawaru
  4684 | D:5      | Found Kidgh's General Store.
  4693 | D:5      | Bought a potion of heal wounds for 65 gold pieces
  4693 | D:5      | Bought a scroll of identify for 26 gold pieces
  4753 | D:5      | Noticed a troll
  4766 | D:5      | HP: 1/60 [troll (5)]
  4767 | D:5      | Mangled by a troll

Illustrated notes

Levels and vault maps discovered:
D:1:      pf_arrival_petrified_forest, layout_rooms,
          hellmonk_ecumenical_altar_leap_of_faith
D:2:      layout_loops_ring, serial_rivers, chequers_serial_rivers_large_a,
          chequers_serial_rivers_small_a, chequers_serial_rivers_micro_d,
          chequers_serial_rivers_room_b, chequers_serial_rivers_marsh,
          wad_orctagon, uniq_crazy_yiuf_cottage
D:3:      minmay_evil_eye, layout_loops_corners, grunt_decor_cap, uniq_jessica,
          uniq_robin, uniq_natasha
D:4:      layout_rooms, cheibrodos_ashenzari_chains, serial_shops, shop
D:5:      layout_loops_ring, lemuel_doored_altar, serial_shops, shop

Skill      XL: |  1  2  3  4  5  6  7 |
---------------+----------------------+-----
Invocations    | 1 2 |  2.8
Short Blades   | 1 2 |  2.5
Long Blades    | 1 2 |  2.5
Maces & Flails | 1 2 |  2.5
Polearms       | 1 2 |  2.5
Staves         | 1 2 |  2.5
Ranged Weapons | 1 2 |  2.5
Throwing       | 1 2 |  2.5
Dodging        | 1 2 |  2.5
Stealth        | 1 2 |  2.5
Unarmed Combat | 1 2 |  2.5
Spellcasting   | 1 2 |  2.5
Evocations     | 1 2 |  2.5
Conjurations   | 1 2 |  2.1
Hexes          | 1 2 |  2.1
Summonings     | 1 2 |  2.1
Necromancy     | 1 2 |  2.1
Translocations | 1 2 |  2.1
Transmutations | 1 2 |  2.1
Fire Magic     | 1 2 |  2.1
Ice Magic      | 1 2 |  2.1
Air Magic      | 1 2 |  2.1
Earth Magic    | 1 2 |  2.1
Poison Magic   | 1 2 |  2.1
Axes           | 5 |  5.3
Fighting       | 7 |  7.1
Armour         | 7 |  7.1
Shields        | 7 |  7.1

Action                   |  1- 3 |  4- 6 |  7- 9 || total
-------------------------+-------+-------+-------++-------
Melee: War axe           |   110 |   199 |    29 ||   338
       Bite              |     8 |    23 |     3 ||    34
       Unarmed           |       |    14 |       ||    14
       Hand axe          |       |       |     4 ||     4
Throw: Dart              |       |       |     2 ||     2
  Use: Potion            |       |     3 |       ||     3
       Scroll            |       |       |     4 ||     4
 Stab: Invisible         |       |       |     1 ||     1
Armor: Scale mail        |    62 |   115 |    11 ||   188
Dodge: Dodged            |    54 |    81 |    18 ||   153
Block: Buckler           |    36 |    49 |     8 ||    93

Table legend: (Time is in decaauts)
 A = Elapsed time spent in this place.
 B = Non-inter-level travel time spent in this place.
 C = Inter-level travel time spent in this place.
 D = Time resting spent in this place.
 E = Time spent auto-exploring this place.
 F = Levels seen in this place.
 G = Mean time per level.
                   A        B        C        D        E       F      G
               +--------+--------+--------+--------+--------+-----+--------+
         Total |   4887 |   4587 |    300 |    122 |   3600 |   5 |  977.4 |
       Dungeon |   4887 |   4587 |    300 |    122 |   3600 |   5 |  977.4 |
               +--------+--------+--------+--------+--------+-----+--------+

Top non-repeatable levels by time:
     D:2: 1572 daAuts
     D:3: 1151 daAuts
     D:1: 799 daAuts
     D:4: 777 daAuts
     D:5: 587 daAuts
